cohdb
Replays
Latest Replays
All Replays
Popular Replays
Top Player Replays
Match Explorer
How It Works
Community
CoH3 Stats
Reddit
Sign in to upload your games and track your stats! →
Sign in with Steam
Match 45607854
Unlisted
Match 45607854
Overview
Messages
Build Orders
End
Engineer Squad
Construct Barracks
Selects Airborne Battlegroup
Selects Heavy Machine Gun Paradrop
1⁄4-ton 4x4 Truck
Heavy Machine Gun Paradrop
Heavy Machine Gun Paradrop
Selects Paratrooper Squad Paradrop
Paratrooper Squad Paradrop
Mechanized Support Center
Paratrooper Squad Paradrop
Construct Motor Pool
M24 Chaffee Light Tank
Construct Medical Station
Selects Recon Loiter
Recon Loiter
Paratrooper Squad Paradrop
M24 Chaffee Light Tank
Recon Loiter
Engineer Squad
M24 Chaffee Light Tank
Designate Forward Repair Station
Selects Supply Drop
Supply Drop
Improvised Armor
Recon Loiter
M24 Chaffee Light Tank
Supply Drop
Selects Carpet Bombing Run
M24 Chaffee Light Tank
Recon Loiter
Carpet Bombing Run
M24 Chaffee Light Tank
M24 Chaffee Light Tank
Recon Loiter
Carpet Bombing Run
Esxile
4-in-1 Petrol lawnmower
Carrier
Konpaku Youmu
0
0
Comments
sign in to comment!
No comments posted yet!